 Dungeon Crawl Stone Soup version 0.27.1-33-g824d729ab1 (webtiles) character file.

Game seed: 16486212552357228373

11753 belegose the Nimble (level 12, -14/87 HPs)
             Began as a Djinni Gladiator on Dec 10, 2021.
             Was a Believer of Makhleb.
             Hit by a large rock thrown by a cyclops (43 damage)
             ... on level 11 of the Dungeon.
             The game lasted 01:08:07 (22322 turns).

belegose the Nimble (Djinni Gladiator)             Turns: 22322, Time: 01:08:07

Health: -14/87     AC:  6    Str: 13    XL:     12   Next: 11%
Gold:   746        EV: 31    Int: 14    God:    Makhleb [**....] SH:  5 Dex: 16

rFire    + + .     SeeInvis +   b - +2 short sword (venom)
rCold    x . .     Faith    .   M - +0 buckler
rNeg     . . .     Spirit   .   K - +0 troll leather armour
rPois    ∞         Reflect  .   h - +0 helmet
rElec    .         Harm     .   (no cloak)
rCorr    .         Rampage  .   A - +0 pair of gloves
Will     +....                  (boots unavailable)
Stlth    +++.......             v - amulet of the acrobat
HPRegen  1.24/turn              w - ring of wizardry
MPRegen  0.00/turn              m - ring of see invisible

@: acrobatic, flying
A: sickness immunity, fire resistance 2, cold vulnerability 1, float, innate
caster, hp casting, extra vitality 1
a: Renounce Religion, Minor Destruction


You were on level 11 of the Dungeon.
You worshipped Makhleb.
Makhleb was pleased with you.
You visited 2 branches of the dungeon, and saw 12 of its levels.
You also visited: Ossuary.

You collected 795 gold pieces.
You spent 49 gold pieces at shops.

Inventory:

Hand Weapons
 a - a +3 scimitar
 b - a +2 short sword of venom (weapon)
 J - a +0 broad axe of flaming
Missiles
 d - 5 throwing nets
 e - 345 stones (quivered)
 r - 21 poisoned darts
 u - 23 boomerangs
Armour
 h - a +0 helmet (worn)
 l - +0 swamp dragon scales
 o - a +0 kite shield
 A - a +0 pair of gloves (worn)
 K - a +0 troll leather armour (worn)
 M - a +0 buckler (worn)
Magical Staves
 n - a staff of air
Jewellery
 m - a ring of see invisible (right hand)
 t - a +6 ring of dexterity
 v - an amulet of the acrobat (around neck)
 w - a ring of wizardry (left hand)
Wands
 H - a wand of iceblast (4)
 N - a wand of paralysis (4)
Scrolls
 c - a scroll of amnesia {unknown}
 g - 2 scrolls of blinking {unknown}
 p - a scroll of immolation {unknown}
 q - a scroll of fear {unknown}
 x - a scroll of summoning {unknown}
 y - a scroll of enchant weapon {unknown}
 B - 4 scrolls of teleportation {unknown}
 C - a scroll of holy word {unknown}
 E - 2 scrolls of magic mapping {unknown}
 F - a scroll of enchant armour {unknown}
 G - 2 scrolls of vulnerability {unknown}
Potions
 i - 2 potions of resistance
 j - 3 potions of berserk rage
 k - a potion of might
 s - 7 potions of lignification
 z - 3 potions of curing
 D - 2 potions of cancellation
 I - a potion of ambrosia


   Skills:
 - Level 8.3 Fighting
 - Level 6.1(6.8) Short Blades
 - Level 4.4(6.0) Long Blades
 - Level 1.5 Throwing
 - Level 3.0 Armour
 + Level 8.6 Dodging
 + Level 5.8 Stealth
 - Level 4.0 Shields
 + Level 6.4 Spellcasting
 + Level 4.6 Invocations


You had 9 spell levels left.
You knew the following spells:

 Your Spells              Type           Power      Damage    Failure   Level
a - Sting                 Tmut/Pois      88%        1d7       1%          1
b - Passwall              Tmut/Erth      18%        N/A       1%          2
c - Summon Guardian Gole  Hex/Summ       22%        N/A       1%          3
d - Ice Form              Ice/Tmut       22%        N/A       5%          4
e - Summon Ice Beast      Ice/Summ       22%        N/A       5%          4
Your spell library was empty.

Dungeon Overview and Level Annotations

Branches:
Dungeon (11/15)            Temple (1/1) D:5            Lair (0/6) D:10
    Orc (0/2) D:11        Ossuary (visited)

Altars:
Ashenzari
Cheibriados
Dithmenos
Elyvilon
Fedhas
Gozag
Hepliaklqana
Kikubaaqudgha
Makhleb
Nemelex Xobeh
Okawaru
Qazlal
Ru
Sif Muna
Trog
Uskayaw
Vehumet
Wu Jian
Xom
Yredelemnul
Zin
The Shining One

Shops:
D:9 *:[   D:10 *


Innate Abilities, Weirdness & Mutations

You are immune to sickness and miasma.
You are immune to poison.
Your flesh is very heat resistant. (rF++)
You are vulnerable to cold. (rC-)
You float through the air rather than walking.
You learn spells naturally, not from books.
Your magical power is your life essence.
You have superior vitality. (+4 HP)


Message History

The orc priest looks as sick as possible!
The orc priest is severely wounded.
The orc priest calls down the wrath of Beogh upon you.
Beogh smites you!
You hit the orc priest.
You kill the orc priest!
Makhleb accepts your kill.
You feel better.
You see here a +0 flail.
The cyclops throws a large rock.
You block the large rock.
The cyclops throws a large rock.
The large rock completely misses you.
The orc suddenly jeers.
The orc completely misses you.
You hit the orc but do no damage.
The orc is poisoned.
The orc barely misses you. You block the orc's attack.
You hit the orc.
You kill the orc!
Makhleb accepts your kill.
Things that are here:
a +0 short sword; an orc corpse The cyclops hits you!!
Casting: Summon Guardian Golem (safe; 1% risk of failure)
Confirm with . or Enter, or press ? or * to list all spells.
A chill wind blows around you. The cyclops hits you!!
You hit the cyclops.
The cyclops is poisoned.
The cyclops is lightly wounded.
You hit the cyclops.
The cyclops looks as sick as possible!
The cyclops is lightly wounded.
Your ice beast hits the cyclops but does no damage.
The cyclops hits you!!
* * * LOW HITPOINT WARNING * * *
Your ice beast completely misses the cyclops.
Things that are here:
a +0 short sword; an orc corpse Your ice beast hits the cyclops but does no damage.
There is an open door here.
The cyclops throws a large rock.
The large rock completely misses you.
The cyclops throws a large rock.
The large rock hits you!!!
You die...

.......##...#..#.....#
.......##...#..#CY...#
....)..)....#..#.....#
............#..#.....#
............#..#.....#
............#..#.....#
............####.....#
..)#####....####.....#
#..# ######..'@....#
#..# #...#.!...# ...#
#...#.....# ...######
###..#.##..#
............#..#.....#
##...#...##.#..#.....#
.........##.#..#.....#
............####.....#
'########............#


You could see a cyclops (very poisoned, ally target) and a friendly ice beast
(summoned).

Vanquished Creatures
  Maggie (D:9)
  A kobold demonologist (D:10)
  An unseen horror (D:11)
  A meliai zombie (D:11)
  2 shadows
  Sigmund (D:2)
  7 yaks
  A basilisk (D:10)
  4 vampire mosquitoes (D:10)
  A warg (D:11)
  6 orc warriors
  A hornet zombie (D:8)
  An ice beast (D:6)
  2 black bears
  3 necrophages
  A blink frog zombie (D:10)
  5 wolves (D:10)
  5 ogres
  6 centaurs
  2 kobold brigands
  2 gnoll sergeants
  3 bullfrogs (D:7)
  A water moccasin skeleton (D:5)
  13 killer bees
  6 wights
  2 howler monkeys
  An electric eel (D:10)
  A jelly (Temple)
  4 centaur zombies
  5 hounds
  13 orc priests
  A centaur skeleton (D:6)
  2 iguanas
  Natasha (thrice) (D:3)
  7 orc wizards
  Robin (D:3)
  16 gnolls
  A howler monkey zombie (D:9)
  2 adders
  A shadow imp (D:7)
  2 worms (D:3)
  2 dart slugs (D:1)
  41 orcs
  2 spectral bats (Ossuary)
  3 bats
  4 endoplasms
  4 giant cockroaches
  11 gnoll zombies (Ossuary)
  14 goblins
  7 hobgoblins
  3 jackals (D:4)
  4 quokkas
  4 ball pythons (D:1)
  2 bat simulacra (Ossuary)
  5 frilled lizards
  2 goblin simulacra (Ossuary)
  4 goblin zombies (Ossuary)
  3 hobgoblin zombies (Ossuary)
  10 kobolds
  5 kobold simulacra (Ossuary)
  9 kobold zombies (Ossuary)
  2 orc zombies (Ossuary)
  5 rats
  2 rat simulacra (Ossuary)
  A spectral goblin (Ossuary)
  2 spectral kobolds (Ossuary)
  2 spectral rats (Ossuary)
292 creatures vanquished.

Vanquished Creatures (others)
  Harold (D:9)
  A two-headed ogre (D:10)
  2 trolls
  A yak (D:9)
  The ghost of Jack47 the Cudgeller, an amateur GrGl (D:3)
  The ghost of SensoryNuts the Skirmisher, an amateur OgMo of Qazlal (D:3)
  An orc warrior (D:6)
  An ogre (D:6)
  A phantom (D:5)
  A wyvern zombie (D:6)
  2 wights (D:10)
  A mummy (Ossuary)
  A gnoll zombie (Ossuary)
  3 plants (D:11)
  6 withered plants (D:3)
24 creatures vanquished.

Grand Total: 316 creatures vanquished

Notes
Turn   | Place    | Note
-------+----------+-------------------------------------------
     0 | D:1      | belegose the Djinni Gladiator began the quest for the Orb.
     0 | D:1      | Reached XP level 1. HP: 18/18 MP: 0/0
   204 | D:1      | Reached XP level 2. HP: 18/23 MP: 0/0
   902 | D:1      | Reached XP level 3. HP: 28/29 MP: 0/0
   902 | D:1      | Learned a level 1 spell: Sting
  1229 | D:2      | Found a faded altar of an unknown god.
  1452 | D:2      | Noticed Sigmund
  2782 | D:3      | Found a runed translucent gate.
  2782 | D:3      | Noticed SensoryNuts's ghost (amateur OgMo)
  2782 | D:3      | Noticed Jack47's ghost (amateur GrGl)
  2783 | D:3      | Found a runed translucent gate.
  2783 | D:3      | Found a runed translucent gate.
  2840 | D:3      | Noticed Natasha
  2983 | D:3      | Killed Natasha
  2984 | D:3      | Reached skill level 1 in Short Blades
  2984 | D:3      | Reached skill level 1 in Spellcasting
  2984 | D:3      | Reached XP level 4. HP: 21/34 MP: 0/0
  2996 | D:3      | Noticed Natasha
  3108 | D:3      | Killed Natasha
  3109 | D:3      | Reached skill level 1 in Armour
  3362 | D:3      | Reached XP level 5. HP: 3/40 MP: 0/0
  3362 | D:3      | Learned a level 2 spell: Passwall
  3745 | D:3      | Noticed Robin
  3785 | D:3      | Killed Robin
  4105 | D:3      | Noticed Natasha
  4120 | D:3      | Killed Natasha
  5059 | D:4      | Reached XP level 6. HP: 45/46 MP: 0/0
  5260 | D:4      | Noticed a necrophage
  5262 | D:4      | Noticed an ogre
  5326 | D:3      | Killed a necrophage
  5558 | D:3      | Killed an ogre
  5559 | D:3      | Reached XP level 7. HP: 11/51 MP: 0/0
  5559 | D:3      | Learned a level 3 spell: Summon Guardian Golem
  5884 | D:4      | Found a snail-covered altar of Cheibriados.
  6369 | D:5      | Entered Level 5 of the Dungeon
  7724 | D:5      | Reached XP level 8. HP: 58/58 MP: 0/0
  7949 | D:5      | Found an opulent altar of Gozag.
  7966 | D:5      | Found a staircase to the Ecumenical Temple.
  8011 | Temple   | Entered the Ecumenical Temple
  8467 | D:5      | Reached skill level 5 in Fighting
  8731 | D:6      | Found a sand-covered staircase.
  8749 | Ossuary  | Entered an ossuary
  9710 | D:6      | Reached skill level 5 in Dodging
  9710 | D:6      | Reached skill level 1 in Stealth
  9710 | D:6      | Reached XP level 9. HP: 26/65 MP: 0/0
  9710 | D:6      | Learned a level 4 spell: Ice Form
 11262 | D:6      | Reached skill level 5 in Short Blades
 11905 | D:7      | Identified the +1 buckler of Dice, Bag, and Bottle {rF-
                  | Dex+7 Slay-5}
 13198 | D:8      | Reached XP level 10. HP: 56/73 MP: 0/0
 13603 | D:8      | Noticed a deep elf pyromancer
 13603 | D:8      | Noticed a boulder beetle
 13605 | D:8      | Noticed a centaur warrior
 13606 | D:8      | Noticed a manticore
 13611 | D:8      | Noticed a gargoyle
 14486 | D:8      | Found a burning altar of Makhleb.
 14494 | D:8      | Became a worshipper of Makhleb the Destroyer
 14592 | D:8      | Reached skill level 5 in Spellcasting
 14831 | D:8      | Found a white marble altar of Elyvilon.
 15292 | D:8      | Reached skill level 1 in Invocations
 15864 | D:9      | Noticed Harold
 15872 | D:9      | Found Deugu's Antique Armour Boutique.
 15885 | D:9      | Found Buwn's Armour Boutique.
 15885 | D:9      | Found Veik Kuttu's General Store.
 15888 | D:9      | Found Hastar's Book Boutique.
 17678 | D:9      | Reached * piety under Makhleb
 17914 | D:9      | Noticed Maggie
 17938 | D:9      | Killed Maggie
 17939 | D:9      | Reached XP level 11. HP: 67/79 MP: 0/0
 17939 | D:9      | Learned a level 4 spell: Summon Ice Beast
 18228 | D:9      | Killed Harold
 18641 | D:2      | Found a faded altar of an unknown god.
 18687 | D:2      | Killed Sigmund
 18688 | D:2      | Reached skill level 5 in Stealth
 18783 | D:3      | Killed SensoryNuts's ghost
 18783 | D:3      | Killed Jack47's ghost
 19118 | D:10     | Entered Level 10 of the Dungeon
 19596 | D:10     | Noticed a two-headed ogre
 19917 | D:10     | Found a glowing golden altar of the Shining One.
 19935 | D:10     | Found a shadowy altar of Dithmenos.
 20059 | D:10     | Found a staircase to the Lair.
 20579 | D:10     | Reached ** piety under Makhleb
 20821 | D:10     | Found Tiyzeple's General Store.
 20830 | D:10     | Bought a +0 buckler for 49 gold pieces
 20919 | D:10     | Reached skill level 1 in Shields
 21475 | D:10     | Killed a two-headed ogre
 21778 | D:11     | Reached XP level 12. HP: 87/87 MP: 0/0
 21789 | D:11     | Noticed an eight-headed hydra
 21887 | D:11     | Found a hazy altar of Hepliaklqana.
 22223 | D:11     | Found a staircase to the Orcish Mines.
 22322 | D:11     | Hit by a large rock thrown by a cyclops

Illustrated notes

Levels and vault maps discovered:
D:1:      wander_arrival_lonely_grave, layout_basic, minmay_surrounded
D:2:      layout_loops_cross, basic_ecumenical_altar, uniq_sigmund
D:3:      layout_basic, gammafunk_ghost_cemetery, grunt_ministairs_1,
          uniq_natasha, uniq_robin
D:4:      layout_loops_ring, mainiacjoe_overflow_surrounded_room,
          chequers_serial_rivers_room_a
D:5:      layout_gridville, kennysheep_mini_moat,
          minmay_temple_entry_statues_fountains
D:6:      layout_gridville, nicolae_ossuary_entry_monument
D:7:      layout_loops_ring
D:8:      layout_cave_pools, lemuel_tele_altar, lemuel_round_altar,
          onia_ninara_dug_in_and_dangerous
D:9:      layout_irregular_city, minmay_shop_grid_forest, uniq_harold,
          uniq_maggie
D:10:     layout_basic, mainiacjoe_overflow_catwalk, tso_metal_star,
          erik_lair_island, serial_shops, shop
D:11:     layout_stronghold, erik_orc_4, nicolae_hepliaklqana_hazy_memory,
          uniq_nergalle
Temple:   eino_temple_scatter_basement

Skill      XL: |  1  2  3  4  5  6  7  8  9 10 11 |
---------------+----------------------------------+-----
Short Blades   | 1 2 3 4 5 6 |  6.1
Spellcasting   | 1 2 3 4 5 6 |  6.4
Armour         | 1 2 3 |  3.0
Fighting       | 3 4 5 6 7 8 |  8.3
Dodging        | 5 6 7 8 |  8.6
Stealth        | 1 3 4 5 |  5.8
Invocations    | 2 4 |  4.6
Long Blades    | 3 4 |  4.4
Shields        | 4 |  4.0
Throwing       | |  1.5

Action                   |  1- 3 |  4- 6 |  7- 9 | 10-12 || total
-------------------------+-------+-------+-------+-------++-------
Melee: Long sword        |    19 |    15 |   200 |       ||   234
       Dagger            |    61 |    26 |       |       ||    87
       Short sword       |     8 |   110 |   199 |   420 ||   737
       Unarmed           |     1 |       |       |       ||     1
       Scimitar          |       |       |    35 |   186 ||   221
Throw: Stone             |     3 |       |       |     4 ||     7
       Throwing net      |     2 |     2 |     1 |       ||     5
       Dart              |       |     9 |    46 |    31 ||    86
       Boomerang         |       |       |     5 |    12 ||    17
 Cast: Summon Guardian G |       |       |    10 |    15 ||    25
       Summon Ice Beast  |       |       |       |     8 ||     8
Evoke: Wand              |       |       |       |     4 ||     4
  Use: Scroll            |       |       |     6 |     6 ||    12
       Potion            |       |       |       |     1 ||     1
 Stab: Sleeping          |       |       |     6 |     4 ||    10
       Distracted        |       |       |     2 |     3 ||     5
Armor: Leather armour    |    23 |    26 |   107 |    48 ||   204
       Swamp dragon scal |       |       |       |    74 ||    74
       Troll leather arm |       |       |       |    18 ||    18
Dodge: Dodged            |    58 |    84 |   325 |   544 ||  1011
Block: Buckler           |       |       |       |    33 ||    33
       Rpst.: Long sword |     1 |     3 |    32 |       ||    36
       Scimitar          |       |       |     7 |    53 ||    60
